Map: Terraform LE (Void)

Players

wabbajack

  • Race: Zerg Zerg
  • League: Gold

TheSuperCow - Winner!

  • Race: Terran Terran
  • League: Bronze

VOD

Have the link to the VOD?

Description

Time

  • Played on: July 18, 2015, 4:30 p.m.
  • Length: 8:56
Show
View Real Time Build Order
Export as new Build Order

wabbajack Zerg 

Build Orders: Pool First 

Get SALT Encoding   

  12  0:02  Drone  
  13  0:09  Drone  
  14  0:22  Extractor  
  14  0:24  Extractor  
  14  0:25  Drone x2  
  15  0:39  Spawning Pool  
  14  0:44  Extractor  
  14  0:45  Drone  
  15  0:52  Overlord  
  15  1:11  Drone x3  
  18  1:27  Queen  
  18  1:29  Metabolic Boost  
  20  1:41  Drone  
  20  1:42  Overlord  
  21  1:52  Baneling Nest  
  21  1:53  Drone  
  21  2:06  Zergling x2  
  21  2:07  Zergling x2  
  23  2:32  Pneumatized Carapace  
  23  2:37  Drone  
  23  2:43  Zergling x2  
  25  2:49  Zergling x6  
  28  2:53  Overlord  
  28  2:55  Zergling x2  
  29  3:01  Hatchery  
  28  3:12  Baneling x3  
  28  3:13  Baneling  
  28  3:21  Queen  
  28  3:23  Overlord  
  28  4:18  Queen  
  28  4:22  Lair  
  30  4:27  Evolution Chamber  
  30  4:29  Roach Warren  
  25  4:46  Drone  
  25  4:47  Drone x10  
  36  4:53  Extractor  
  36  4:56  Zerg Missile Weapons Level 1  
  36  4:59  Drone  
  38  5:00  Drone x2  
  38  5:03  Extractor  
  37  5:14  Zergling x2  
  38  5:47  Overlord  
  38  5:48  Roach  
  38  5:49  Roach x5  
  50  5:52  Baneling x2  
  50  5:56  Drone  
  51  5:57  Overlord  
  51  5:58  Overlord x2  
  51  6:08  Drone x4  
  55  6:11  Drone  
  55  6:12  Extractor  
  55  6:13  Drone x3  
  57  6:39  Hydralisk Den  
  56  6:41  Baneling x2  
  56  6:45  Zergling x4  
  58  6:48  Drone x4  
  58  6:49  Drone  
  63  6:58  Zerg Ground Armor Level 1  
  63  7:00  Glial Reconstitution  
  63  7:03  Drone x2  
  63  7:05  Hatchery  
  64  7:10  Lurker Den  
  64  7:13  Drone x4  
  68  7:19  Drone x2  
  70  7:29  Baneling x4  
  70  7:43  Overlord x2  
  59  8:10  Queen  
  61  8:18  Hatchery, Zergling x10  
  61  8:19  Zergling x12  
  71  8:26  Evolution Chamber  
  70  8:31  Overlord x2  
  70  8:32  Overlord x2  
Show
View Real Time Build Order
Export as new Build Order

TheSuperCow Terran - Winner!

Build Orders: MMM Bio 

Get SALT Encoding   

  12  0:02  SCV  
  13  0:52  SCV  
  14  0:57  Command Center  
  14  1:03  Supply Depot  
  14  1:25  Command Center  
  14  1:29  SCV  
  15  1:44  Barracks  
  15  1:47  SCV  
  16  1:59  SCV  
  17  2:10  Barracks  
  17  2:32  Orbital Command x2  
  17  2:34  Marine  
  18  2:44  Orbital Command  
  18  2:52  Marine  
  19  2:59  SCV  
  19  3:00  SCV  
  21  3:07  Marine  
  21  3:10  Marine  
  23  3:16  Refinery  
  23  3:17  Refinery  
  23  3:25  SCV, Orbital Command, Marine  
  23  3:26  SCV  
  25  3:28  Marine  
  26  3:36  Barracks  
  26  3:39  Barracks  
  26  3:43  Marine  
  26  3:44  SCV  
  28  3:57  SCV x2  
  28  3:58  SCV  
  31  4:06  Supply Depot  
  31  4:07  Supply Depot  
  31  4:08  Supply Depot  
  31  4:09  Bunker  
  20  4:16  Marine  
  17  4:32  SCV x2  
  17  4:36  SCV  
  20  4:44  SCV  
  20  4:45  SCV  
  22  4:47  Marine  
  22  4:48  SCV  
  22  4:49  Barracks Tech Lab x2  
  24  4:56  SCV  
  24  4:57  SCV  
  26  5:00  SCV  
  27  5:08  Stimpack  
  27  5:09  SCV x2  
  27  5:12  SCV  
  30  5:21  SCV x2  
  32  5:24  SCV  
  32  5:26  Marine  
  34  5:29  Marine  
  34  5:30  Marauder x2  
  34  5:34  SCV  
  40  5:38  Barracks  
  40  5:41  Barracks  
  40  5:42  SCV x2  
  42  5:44  Marine  
  42  5:47  Marine  
  44  5:51  Marine  
  45  5:58  Combat Shields  
  45  6:03  SCV x2  
  47  6:07  Orbital Command  
  47  6:11  Factory  
  47  6:15  SCV x2  
  49  6:26  Barracks Reactor  
  49  6:27  SCV x2  
  51  6:33  SCV  
  51  6:39  SCV x2  
  54  6:40  Marine x3  
  54  6:41  Marauder, Marine  
  54  6:45  SCV  
  61  6:48  Supply Depot  
  61  6:51  SCV  
  63  6:54  SCV  
  63  6:57  SCV, Marine  
  63  6:58  Marine  
  63  6:59  Marauder  
  63  7:00  Marine  
  69  7:01  Starport  
  69  7:10  Marine x3  
  69  7:11  Supply Depot  
  69  7:12  Supply Depot  
  72  7:15  Marine  
  72  7:22  SCV x2, Marine x2  
  76  7:28  Marine  
  76  7:29  Marine x3  
  81  7:33  Marine  
  82  7:40  Marine x2  
  83  7:46  Marine x2  
  83  7:47  Marauder x2  
  83  7:51  Marine  
  69  8:06  Marine x4  
  69  8:08  Marauder, Marine  
  69  8:09  Marine  
  69  8:11  SCV x3  
  80  8:14  Medivac  
  82  8:20  Engineering Bay  
  82  8:21  Engineering Bay, Barracks x2  
  82  8:23  SCV x2  
  82  8:24  SCV, Marine x4  
  82  8:26  Marine, Marauder  
  89  8:30  Marauder  
  92  8:35  SCV  
Tags
 
Add a new tag
Caveats
  • Supply blocks, unpowered buildings, or Contaminate may cause inaccurate times.
  • Supply counts are checked every 10 seconds.